 Dungeon Crawl Stone Soup version 0.29-a0-1023-g6ae1a4a2c7 (webtiles) character file.

Game seed: 1889266067389217778

255393 siradein the Warrior (level 19, -3/170 HPs)
             Began as a Ghoul Fighter on Aug 11, 2022.
             Was a High Priest of Okawaru.
             Killed from afar by an ironbound thunderhulk (42 damage)
             ... with a bolt of lightning
             ... on level 1 of the Vaults on Aug 12, 2022.
             The game lasted 02:39:41 (46867 turns).

siradein the Warrior (Ghoul Fighter)               Turns: 46867, Time: 02:39:41

Health: -3/170     AC: 52    Str: 29    XL:     19   Next: 78%
Magic:  28/28      EV: 10    Int:  3    God:    Okawaru [*****.]
Gold:   1530       SH: 24    Dex: 12    Spells: 16/18 levels left

rFire   . . .      SeeInvis .   a - +7 demon trident (protect)
rCold   + . .      Faith    .   E - +2 tower shield {AC+3}
rNeg    + + +      Spirit   .   U - +18 Lear's hauberk
rPois   ∞          Reflect  +   (helmet currently unavailable)
rElec   .          Harm     .   l - +2 cloak
rCorr   .          Rampage  .   (gloves currently unavailable)
Will    +....                   (boots currently unavailable)
Stlth   +.........              O - amulet of reflection
HPRegen 0.00/turn               H - +4 ring of protection
MPRegen 0.21/turn               J - ring "Duogar" {AC+4 Str+5}

@: marked, under a protective aura, inhibited regen, studying Shields
A: claws 1, cold resistance 1, negative energy resistance 3, inhibited
regeneration, torment resistance 2, devour on kill
}: 2/15 runes: decaying, serpentine
a: Renounce Religion, Heroism, Finesse, Duel


You were on level 1 of the Vaults.
You worshipped Okawaru.
Okawaru was extremely pleased with you.
You visited 7 branches of the dungeon, and saw 32 of its levels.
You also visited: Trove, Sewer, Bailey and Ice Cave.

You collected 3108 gold pieces.
You spent 1578 gold pieces at shops.

Inventory:

Hand Weapons
 a - a +7 demon trident of protection (weapon)
 I - the +8 trident of the Dove {drain, Will++ Stlth+}
   (You found it on level 8 of the Dungeon)

   A truly terrible weapon, it drains the life of any living foe it strikes.
   Will:      It greatly increases your willpower.
   Stlth:     It makes you more stealthy.
 Q - a +4 bardiche of flaming
Missiles
 g - 16 silver javelins
 p - 38 boomerangs (quivered)
 t - 15 curare-tipped darts
 v - 5 throwing nets
 G - 29 javelins
 L - 4 silver boomerangs
Armour
 l - a +2 cloak (worn)
 q - a +2 helmet
 x - the +3 warlock's mirror {reflect}
   (You found it on level 5 of the Lair of Beasts)

   It can block and reflect piercing ranged attacks and magical attacks against
   the wielder's willpower.
 z - the +0 pair of boots "Zuesoca" {rElec SInv}
   (Okawaru gifted it to you on level 2 of the Orcish Mines)

   rElec:     It insulates you from electricity.
   SInv:      It lets you see invisible.
 E - a +2 tower shield of protection (worn)
 S - a +2 pair of gloves
 U - the +18 Lear's hauberk (worn)
   (Okawaru gifted it to you on level 3 of the Snake Pit)
Jewellery
 b - a ring of ice
 o - an amulet of faith
 C - a ring of protection from fire
 D - a ring of see invisible
 H - a +4 ring of protection (left claw)
 J - the ring "Duogar" (right claw) {AC+4 Str+5}
   (You bought it in a shop on level 14 of the Dungeon)

   [ring of protection]

   AC:        It affects your AC (+4).
   Str:       It affects your strength (+5).
 O - an amulet of reflection (around neck)
Wands
 e - a wand of digging (6)
 r - a wand of iceblast (34)
 F - a wand of flame (85)
 W - a wand of mindburst (8)
 X - a wand of quicksilver (2)
 Z - a wand of polymorph (7)
Scrolls
 k - 9 scrolls of teleportation
 m - 10 scrolls of fog
 n - a scroll of blinking
 s - 6 scrolls of fear
 y - 4 scrolls of poison
 B - 2 scrolls of silence
 K - 6 scrolls of immolation
 M - 2 scrolls of torment
 N - 2 scrolls of amnesia
 T - 6 scrolls of magic mapping
Potions
 d - 3 potions of might
 f - 2 potions of resistance
 h - 25 potions of curing
 i - 11 potions of heal wounds
 j - a potion of cancellation
 u - 2 potions of invisibility
 w - 8 potions of haste
 A - 3 potions of magic
 P - 9 potions of flight
 R - 6 potions of brilliance
 V - 3 potions of ambrosia
Miscellaneous
 Y - a phial of floods


   Skills:
 + Level 15.3 Fighting
 + Level 12.9 Polearms
 + Level 11.3 Throwing
 + Level 13.1 Armour
 + Level 9.3 Dodging
 + Level 8.9 Stealth
 + Level 13.2 Shields
 + Level 13.4 Invocations
 + Level 8.9 Evocations


You had 16 spell levels left.
You knew the following spells:

 Your Spells              Type           Power      Damage    Failure   Level
a - Blink                 Tloc           0%         N/A       100%        2

Your spell library contained the following spells:

 Spells                   Type           Power      Damage    Failure   Level
 Foxfire                  Conj/Fire      0%         2x1d4     100%        1
 Magic Dart               Conj           0%         1d3       100%        1
 Sandblast                Erth           0%         2d4       100%        1
 Shock                    Conj/Air       0%         1d3       100%        1
 Sting                    Tmut/Pois      0%         1d3       100%        1
 Poisonous Vapours        Pois/Air       0%         N/A       100%        2
 Static Discharge         Conj/Air       0%         3-3/arc   100%        2
 Conjure Flame            Conj/Fire      0%         6-21      100%        3
 Inner Flame              Hex/Fire       0%         N/A       100%        3
 Lesser Beckoning         Tloc           0%         N/A       100%        3
 Mephitic Cloud           Conj/Pois/Air  0%         N/A       100%        3
 Portal Projectile        Hex/Tloc       0%         N/A       100%        3
 Swiftness                Air            0%         N/A       100%        3
 Anguish                  Hex/Necr       0%         N/A       100%        4
 Dispel Undead            Necr           0%         3d6       100%        4
 Flame Wave               Conj/Fire      0%         2d4       100%        4
 Hailstorm                Conj/Ice       0%         3d3       100%        4
 Leda's Liquefaction      Hex/Erth       0%         N/A       100%        4
 Passage of Golubria      Tloc           0%         N/A       100%        4
 Petrify                  Tmut/Erth      0%         N/A       100%        4
 Alistair's Intoxication  Tmut/Pois      0%         N/A       100%        5
 Borgnjor's Vile Clutch   Necr/Erth      0%         N/A       100%        5
 Lee's Rapid Deconstruct  Erth           0%         3d5*      100%        5
 Lightning Bolt           Conj/Air       0%         1d11      100%        5
 Manifold Assault         Tloc           0%         N/A       100%        5
 Metabolic Englaciation   Hex/Ice        0%         N/A       100%        5
 Conjure Ball Lightning   Conj/Air       0%         3x3d6     100%        6
 Dispersal                Tloc           0%         N/A       100%        6
 Eringya's Noxious Bog    Tmut/Pois      0%         N/A       100%        6
 Iron Shot                Conj/Erth      0%         9d1       100%        6
 Enfeeble                 Hex            0%         N/A       100%        7
 Discord                  Hex            0%         N/A       100%        8
 Disjunction              Tloc           0%         N/A       100%        8
 Chain Lightning          Conj/Air       0%         N/A       100%        9
 Fire Storm               Conj/Fire      0%         5d1       100%        9
 Shatter                  Erth           0%         3d5*      100%        9
 Call Imp                 Summ           Unusable   N/A       N/A         2
 Tukima's Dance           Hex            Unusable   N/A       N/A         3
 Animate Armour           Summ/Erth      Unusable   N/A       N/A         4
 Ice Form                 Ice/Tmut       Unusable   N/A       N/A         4
 Blade Hands              Tmut           Unusable   N/A       N/A         5
 Simulacrum               Ice/Necr       Unusable   N/A       N/A         6
 Statue Form              Tmut/Erth      Unusable   N/A       N/A         6

Dungeon Overview and Level Annotations

Branches:
Dungeon (15/15)            Temple (1/1) D:5            Lair (5/5) D:9
  Swamp (4/4) Lair:2        Snake (4/4) Lair:2        Slime (0/5) Lair:5
    Orc (2/2) D:11            Elf (0/3) Orc:2        Vaults (1/5) D:13
 Depths (0/4) D:15          Sewer (visited)          Bailey (visited)
  IceCv (visited)

Altars:
Ashenzari
Cheibriados
Dithmenos
Fedhas
Gozag
Hepliaklqana
Kikubaaqudgha
Makhleb
Nemelex Xobeh
Okawaru
Qazlal
Ru
Sif Muna
Trog
Uskayaw
Vehumet
Wu Jian
Xom
Yredelemnul

Shops:
D:4 :   D:14 *((=:   Orc:1 *(   Orc:2 *[=(   Snake:1 (![   Vaults:1 *

Portals:
Abyss: Orc:1

Annotations:
Orc:1 2 transporters, Ycig Couk's ghost, journeyman SpEn


Innate Abilities, Weirdness & Mutations

You are immune to poison.
You have sharp fingernails.
Your flesh is cold resistant. (rC+)
You are immune to negative energy. (rN+++)
You do not regenerate when monsters are visible.
You are immune to unholy pain and torment.
You thrive by killing the living.


Message History

The vault sentinel hits you but does no damage.
Reach: a) +7 demon trident (protect)
Press: ? - help, Dir - move target, f/p - vault sentinel
Aim: a vault sentinel, wielding a +0 falchion and wearing a +0 scale mail (almost dead, catching its breath, about 30% to evade your +7 demon trident of protection)
You puncture the vault sentinel!
You kill the vault sentinel!
Okawaru accepts your kill.
Reach: a) +7 demon trident (protect)
Press: ? - help, Dir - move target, f - ironbound preserver
Aim: an ironbound preserver, wielding a +0 flail and wearing a +0 leather armour (about 17% to evade your +7 demon trident of protection)
You impale the ironbound preserver!!
The ironbound preserver is lightly wounded.
Unknown command.
Reach: a) +7 demon trident (protect)
Press: ? - help, Dir - move target, f/p - ironbound preserver
Aim: an ironbound preserver, wielding a +0 flail and wearing a +0 leather armour (lightly wounded, about 17% to evade your +7 demon trident of protection)
You hit the ironbound preserver.
The ironbound preserver is lightly wounded.
The ironbound preserver hits you but does no damage.
An ironbound thunderhulk comes into view.
It is wielding a +0 dire flail.
Reach: a) +7 demon trident (protect)
Press: ? - help, Dir - move target, f/p - ironbound preserver
Aim: an ironbound preserver, wielding a +0 flail and wearing a +0 leather armour (lightly wounded, about 17% to evade your +7 demon trident of protection)
You impale the ironbound preserver!!
The ironbound preserver is moderately wounded.
A deep troll comes into view.
You block the ironbound preserver's attack.
Reach: a) +7 demon trident (protect)
Press: ? - help, Dir - move target, f/p - ironbound preserver
Aim: an ironbound preserver, wielding a +0 flail and wearing a +0 leather armour (moderately wounded, about 17% to evade your +7 demon trident of protection)
You puncture the ironbound preserver!
The ironbound preserver is heavily wounded.
You block the deep troll's attack. The deep troll claws you.
* * * LOW HITPOINT WARNING * * *
You block the deep troll's attack.
The ironbound preserver gestures wildly while chanting.
The ironbound preserver begins to accept its allies' injuries.
Electricity crackles from the ironbound thunderhulk's apparatus.
The bolt of lightning hits you!!!
You die...

########
#......#
#......#
#....T@#
#....Tp#
#.....T'...
#......#O..
######'#'##
... .
......
.....!#


You could see an ironbound preserver, an ironbound thunderhulk (sheltered) and 3
deep trolls.

Vanquished Creatures
  Vashnia (Snake:4)
  Saint Roka (Vaults:1)
  Nikola (Snake:1)
  A tentacled monstrosity (Swamp:3)
  Zenata (Arena)
  Frances (Snake:1)
  Gastronok (D:9)
  2 thorn hunters (Swamp:4)
  Kirke (Lair:4)
  Roxanne (D:14)
  A fenstrider witch (Swamp:4)
  11 slime creatures
  A nagaraja (Snake:4)
  An orc warlord (Bailey)
  Aizul (Snake:2)
  A frost giant (D:15)
  2 vault wardens (Vaults:1)
  Louise (Snake:4)
  An ironbound preserver (Vaults:1)
  3 eleionomae
  Nessos (Lair:5)
  A stone giant (Orc:2)
  2 bunyips
  Azrael (D:14)
  3 ettins (Orc:2)
  A shambling mangrove (Swamp:3)
  23 hydras
  3 catoblepae
  9 salamander tyrants
  2 ironbound frosthearts (IceCv)
  5 boulder beetles
  3 ghost crabs
  5 two-headed ogres
  The ghost of Imoonwee the Spear-Bearer, a journeyman FoFi of Hepliaklqana (D:13)
  Erolcha (D:9)
  9 alligators
  A death knight (D:14)
  13 naga warriors
  2 dancing weapons (D:13)
  8 centaur warriors
  10 anacondas
  2 tengu warriors (D:15)
  14 naga sharpshooters
  3 death yaks (IceCv)
  8 shock serpents
  Urug (D:11)
  Sonja (Lair:3)
  Nergalle (Lair:2)
  4 skeletal warriors (D:12)
  7 sea snakes
  3 goliath frogs
  8 salamander mystics
  A death drake (Swamp:4)
  12 swamp dragons
  A spriggan druid (Swamp:1)
  A deep troll (Vaults:1)
  6 lindwurms
  4 bog bodies
  A naga ritualist (Snake:3)
  2 wizards (D:15)
  3 orc knights
  Pikel (D:8)
  12 mana vipers
  3 deep elf pyromancers (D:14)
  3 will-o-the-wisps
  An oklob plant (Lair:4)
  31 ugly things
  13 elephants
  14 cyclopes
  2 manticores
  13 guardian serpents
  21 salamanders
  An ice statue (IceCv)
  16 naga magi
  33 black mambas
  A gargoyle (D:11)
  A vault sentinel (Vaults:1)
  20 cane toads
  4 rime drakes
  A torpor snail (Lair:5)
  A kobold demonologist (D:10)
  2 ice devils (Orc:1)
  A tengu conjurer (D:15)
  6 komodo dragons
  9 yaktaurs
  A freezing wraith (D:14)
  10 hornets
  8 polar bears
  5 trolls
  34 blink frogs
  12 tyrant leeches
  11 dream sheep
  A shadow (D:10)
  9 spriggans
  Sigmund (D:4)
  101 yaks
  4 wyverns
  2 wraiths
  2 basilisks
  3 humans (Lair:4)
  A hog (Lair:4)
  2 steam dragons (D:7)
  Eustachio (D:6)
  26 vampire mosquitoes
  The ghost of frimble the Digger, an amateur DsEE (D:4)
  A warg (Orc:1)
  32 nagas
  9 swamp worms
  Menkaure (D:6)
  5 hell hounds (D:14)
  13 water moccasins
  21 orc warriors
  2 ice beasts
  2 black bears
  10 swamp drakes
  16 centaurs
  30 wolves
  8 ogres
  A lemure (D:8)
  4 elf zombies (D:6)
  A phantom (D:5)
  16 bullfrogs
  6 kobold brigands
  A scorpion (D:5)
  3 necrophages
  2 gnoll sergeants
  20 wights
  15 killer bees
  An electric eel (Lair:5)
  7 howler monkeys
  3 hounds
  A jelly (D:4)
  15 orc priests
  2 gnoll boudas
  3 human zombies (D:6)
  Jessica (D:3)
  2 human skeletons (D:6)
  An iguana (D:6)
  5 orc wizards
  A hound zombie (D:4)
  Robin (D:2)
  22 gnolls
  6 adders
  6 river rats (Sewer)
  A white imp (D:5)
  2 ufetubi
  2 worms
  3 dart slugs
  70 orcs
  13 ball pythons
  4 endoplasms
  5 giant cockroaches
  15 goblins
  11 hobgoblins
  13 jackals
  A quokka (D:5)
  5 bats
  8 frilled lizards
  A jackal zombie (D:4)
  29 kobolds
  2 orc skeletons (D:6)
  9 rats
1156 creatures vanquished.

Vanquished Creatures (others)
  A lindwurm (Swamp:4)
  A black mamba (Snake:2)
  A naga mage (Snake:3)
  A bloated husk (Swamp:2)
  A naga (Snake:3)
  2 demonic plants (D:2)
  10 foxfires
  42 fungi
  131 plants
  2 withered plants (D:2)
192 creatures vanquished.

Grand Total: 1348 creatures vanquished

Notes
Turn   | Place    | Note
-------+----------+-------------------------------------------
     0 | D:1      | siradein the Ghoul Fighter began the quest for the Orb.
     0 | D:1      | Reached XP level 1. HP: 19/19 MP: 0/0
   128 | D:1      | Reached XP level 2. HP: 26/26 MP: 1/1
   616 | D:1      | Reached XP level 3. HP: 31/31 MP: 2/2
   988 | D:2      | Noticed Robin
  1052 | D:2      | Killed Robin
  1301 | D:2      | Found a faded altar of an unknown god.
  1335 | D:2      | Reached XP level 4. HP: 37/40 MP: 3/3
  1483 | D:2      | Reached skill level 4 in Fighting
  1587 | D:2      | Identified the +0 helmet of Vaibul {*Corrode rF- Dex+6}
  1650 | D:3      | Noticed Jessica
  1655 | D:3      | Killed Jessica
  1691 | D:3      | Reached XP level 5. HP: 44/46 MP: 4/4
  1772 | D:3      | Found a stormy altar of Qazlal.
  2029 | D:3      | Found a radiant altar of Vehumet.
  2453 | D:4      | Noticed a +0 dagger
  2454 | D:4      | Noticed a +0 short sword
  2454 | D:4      | Noticed a +0 falchion
  2455 | D:4      | Noticed a +0 spear
  2455 | D:4      | Noticed a +0 dagger
  2455 | D:4      | Noticed a +0 falchion
  2456 | D:4      | Noticed a +0 short sword
  2456 | D:4      | Noticed a +0 spear
  2457 | D:4      | Found a hide-covered altar of Uskayaw.
  2542 | D:4      | Reached XP level 6. HP: 13/53 MP: 5/5
  2621 | D:4      | Found Cecaryah's Book Shoppe.
  2686 | D:4      | Found a glowing drain.
  2727 | Sewer    | Entered a sewer
  3135 | Sewer    | Reached skill level 5 in Fighting
  3198 | Sewer    | Reached XP level 7. HP: 57/61 MP: 6/6
  4090 | D:4      | Noticed Sigmund
  4106 | D:4      | Killed Sigmund
  4151 | D:4      | Found a runed translucent gate.
  4151 | D:4      | Found a runed translucent gate.
  4151 | D:4      | Found a runed translucent gate.
  4151 | D:4      | Noticed frimble's ghost (amateur DsEE)
  4155 | D:4      | Found a basalt altar of Yredelemnul.
  4610 | D:4      | Found a sacrificial altar of Ru.
  5061 | D:5      | Entered Level 5 of the Dungeon
  5087 | D:5      | Reached XP level 8. HP: 70/70 MP: 7/7
  5405 | D:5      | Reached skill level 6 in Fighting
  5405 | D:5      | Reached skill level 5 in Armour
  5405 | D:5      | Reached skill level 5 in Shields
  5447 | D:5      | Found a staircase to the Ecumenical Temple.
  5476 | Temple   | Entered the Ecumenical Temple
  5567 | Temple   | Became a worshipper of Warmaster Okawaru
  5963 | D:6      | Reached skill level 5 in Polearms
  6166 | D:6      | Reached * piety under Okawaru
  6550 | D:6      | Reached skill level 7 in Fighting
  6550 | D:6      | Reached XP level 9. HP: 38/79 MP: 8/8
  6788 | D:6      | Noticed Eustachio
  6800 | D:6      | Killed Eustachio
  6949 | D:6      | Reached ** piety under Okawaru
  7253 | D:6      | Noticed Menkaure
  7258 | D:6      | Killed Menkaure
  7574 | D:7      | Reached skill level 8 in Fighting
  7733 | D:7      | Found a snail-covered altar of Cheibriados.
  8099 | D:7      | Reached XP level 10. HP: 74/88 MP: 9/9
  8140 | D:7      | Reached *** piety under Okawaru
  8154 | D:7      | Reached skill level 1 in Invocations
  8522 | D:7      | Reached skill level 1 in Throwing
  9232 | D:8      | Identified the +8 trident of the Dove {drain, Will++
                  | Stlth+}
  9416 | D:8      | Noticed Pikel
  9427 | D:8      | Killed Pikel
  9873 | D:9      | Reached **** piety under Okawaru
  9957 | D:9      | Noticed Gastronok
  9980 | D:9      | Killed Gastronok
  9981 | D:9      | Reached skill level 9 in Fighting
 10222 | D:9      | Found a staircase to the Lair.
 10328 | D:9      | Noticed Erolcha
 10328 | D:9      | Noticed a two-headed ogre
 10340 | D:9      | Killed a two-headed ogre
 10340 | D:9      | Reached ***** piety under Okawaru
 10341 | D:9      | Reached XP level 11. HP: 78/97 MP: 9/13
 10346 | D:9      | Killed Erolcha
 10609 | D:9      | Found a burning altar of Makhleb.
 11048 | D:9      | Reached skill level 5 in Invocations
 11054 | D:9      | Identified the +1 robe of the Hot Ocelot {-Tele Int+3
                  | Dex+2} (Okawaru gifted it to you on level 9 of the Dungeon)
 11054 | D:9      | Received a gift from Okawaru
 11417 | D:4      | Killed frimble's ghost
 11540 | D:10     | Entered Level 10 of the Dungeon
 11542 | D:10     | Found a flagged portal.
 11554 | Bailey   | Entered a bailey
 11559 | Bailey   | Noticed an orc warlord
 11689 | Bailey   | Found a runed translucent gate.
 11692 | Bailey   | Found a runed translucent gate.
 11694 | Bailey   | Found a runed translucent gate.
 11866 | Bailey   | Killed an orc warlord
 11913 | Bailey   | Reached skill level 10 in Fighting
 11913 | Bailey   | Reached skill level 5 in Throwing
 11913 | Bailey   | Reached XP level 12. HP: 44/107 MP: 14/16
 12969 | D:10     | Found a broken altar of Ashenzari.
 13143 | D:10     | Noticed a two-headed ogre
 13149 | D:10     | Killed a two-headed ogre
 13150 | D:10     | Reached XP level 13. HP: 106/115 MP: 14/17
 13276 | D:10     | Found a shadowy altar of Dithmenos.
 13399 | D:11     | Found a staircase to the Orcish Mines.
 13482 | D:11     | Reached skill level 11 in Fighting
 14214 | D:11     | Noticed Urug
 14224 | D:11     | Killed Urug
 14224 | D:11     | Received a gift from Okawaru
 14849 | Lair:1   | Entered Level 1 of the Lair of Beasts
 15188 | Lair:1   | Reached ****** piety under Okawaru
 15246 | Lair:1   | Reached skill level 1 in Dodging
 15250 | Lair:1   | Identified the +11 short sword of the Glamorous God {drain,
                  | rElec rC++} (Okawaru gifted it to you on level 1 of the
                  | Lair of Beasts)
 15250 | Lair:1   | Received a gift from Okawaru
 15990 | Lair:2   | Found a staircase to the Swamp.
 16111 | Lair:2   | Found a staircase to the Snake Pit.
 16149 | Lair:2   | Received a gift from Okawaru
 16169 | Lair:2   | Reached skill level 1 in Evocations
 16521 | Lair:2   | Reached XP level 14. HP: 125/125 MP: 19/19
 16623 | Lair:2   | Reached skill level 10 in Shields
 16735 | Lair:2   | Noticed Nergalle
 16752 | Lair:2   | Killed Nergalle
 17239 | Lair:2   | Received a gift from Okawaru
 17240 | Lair:2   | Reached skill level 10 in Armour
 17590 | Lair:3   | Received a gift from Okawaru
 17630 | Lair:3   | Reached skill level 12 in Fighting
 17636 | Lair:3   | Identified the +2 glaive of Pride {vorpal, rN+} (Okawaru
                  | gifted it to you on level 3 of the Lair of Beasts)
 17636 | Lair:3   | Received a gift from Okawaru
 17927 | Lair:3   | Reached skill level 10 in Polearms
 18238 | Lair:3   | Noticed Sonja
 18254 | Lair:3   | Killed Sonja
 18927 | Lair:3   | Received a gift from Okawaru
 19454 | Lair:4   | Found the +11 plutonium sword {Contam Stlth-}
 19837 | Lair:4   | Received a gift from Okawaru
 20130 | Lair:4   | Noticed Kirke
 20149 | Lair:4   | Killed Kirke
 20883 | Lair:5   | Entered Level 5 of the Lair of Beasts
 20916 | Lair:5   | Reached XP level 15. HP: 95/134 MP: 21/21
 21325 | Lair:5   | Identified the +1 buckler of the Barber Surgeon {Harm rElec
                  | rC+++ Int-3 SInv} (Okawaru gifted it to you on level 5 of
                  | the Lair of Beasts)
 21325 | Lair:5   | Received a gift from Okawaru
 21535 | Lair:5   | Reached skill level 10 in Invocations
 21747 | Lair:5   | Reached skill level 5 in Dodging
 22133 | Lair:5   | Found the +3 warlock's mirror {reflect}
 22340 | Lair:5   | Identified the +5 whip "Yddafiapp" {flame, +Blink rC+ Int-2
                  | Dex+5}
 22340 | Lair:5   | Noticed Nessos
 22360 | Lair:5   | Killed Nessos
 22422 | Lair:5   | Found a staircase to the Slime Pits.
 24343 | Orc:1    | Entered Level 1 of the Orcish Mines
 24344 | Orc:1    | Upgraded the game from 0.29-a0-1019-g84f7d21838 to
                  | 0.29-a0-1023-g6ae1a4a2c7
 24348 | Orc:1    | Found Yfyinoyst's Overcharged Wands.
 24373 | Orc:1    | Noticed a tentacled monstrosity
 24461 | Orc:1    | Received a gift from Okawaru
 24462 | Orc:1    | Reached skill level 5 in Evocations
 24523 | Orc:1    | Found a transporter.
 24528 | Orc:1    | Found a frozen archway.
 24612 | IceCv    | Entered an ice cave
 25051 | IceCv    | Reached skill level 13 in Fighting
 25417 | IceCv    | Received a gift from Okawaru
 25471 | IceCv    | Received a gift from Okawaru
 26142 | Orc:1    | Reached XP level 16. HP: 120/143 MP: 23/23
 26240 | Orc:1    | Noticed Ycig Couk's ghost (journeyman SpEn)
 26331 | Orc:1    | Found a transporter.
 26347 | Orc:1    | Found a one-way gate to the infinite horrors of the Abyss.
 26548 | Orc:1    | Found Wevvieq's Weapon Shop.
 26665 | Orc:2    | Entered Level 2 of the Orcish Mines
 26665 | Orc:2    | Found Zusooreym's Jewellery Boutique.
 26743 | Orc:2    | Found Turghetir's Antique Armour Shoppe.
 26774 | Orc:2    | Reached skill level 1 in Stealth
 26782 | Orc:2    | Found Nuqatov's General Store.
 27020 | Orc:2    | Bought a potion of degeneration for 12 gold pieces
 27020 | Orc:2    | Bought a scroll of identify for 24 gold pieces
 27020 | Orc:2    | Bought a potion of attraction for 36 gold pieces
 27099 | Orc:2    | Found a staircase to the Elven Halls.
 27104 | Orc:2    | Identified the +0 pair of boots "Zuesoca" {rElec SInv}
                  | (Okawaru gifted it to you on level 2 of the Orcish Mines)
 27104 | Orc:2    | Received a gift from Okawaru
 27226 | Orc:2    | Found Tiepp's Antique Weapon Shop.
 28045 | D:13     | Found a gate to the Vaults.
 28065 | D:13     | Found a runed translucent door.
 28066 | D:13     | Noticed Imoonwee's ghost (journeyman FoFi)
 28088 | D:13     | Killed Imoonwee's ghost
 28773 | D:14     | Found Kabru's Antique Weapon Emporium.
 28891 | D:14     | Found an opulent altar of Gozag.
 29018 | D:14     | Found Vuddyr's Assorted Antiques.
 29069 | D:14     | Found Atuyk's Antique Weapon Shoppe.
 29079 | D:14     | Noticed Azrael
 29101 | D:14     | Killed Azrael
 30036 | D:14     | Found Heutton's Book Shoppe.
 30058 | D:14     | Found Qom Liru's Jewellery Boutique.
 30243 | D:14     | Bought the ring "Duogar" {AC+4 Str+5} for 749 gold pieces
 30262 | D:14     | Noticed Roxanne
 30305 | D:14     | Killed Roxanne
 30608 | D:14     | Received a gift from Okawaru
 30824 | D:15     | Entered Level 15 of the Dungeon
 31678 | D:15     | Received a gift from Okawaru
 31871 | D:15     | Reached XP level 17. HP: 150/151 MP: 24/24
 31875 | D:15     | Found a staircase to the Depths.
 32130 | D:15     | Received a gift from Okawaru
 32509 | Swamp:1  | Entered Level 1 of the Swamp
 32645 | Snake:1  | Entered Level 1 of the Snake Pit
 32803 | Snake:1  | Received a gift from Okawaru
 33221 | Snake:1  | Reached skill level 5 in Stealth
 33343 | Snake:1  | Identified the +1 leather armour "Uhoudwy" {rPois rN+
                  | Stlth+}
 33551 | Snake:1  | Noticed Frances
 33552 | Snake:1  | Noticed Nikola
 33571 | Snake:1  | Killed Frances
 33572 | Snake:1  | Reached skill level 14 in Fighting
 33594 | Snake:1  | Killed Nikola
 33594 | Snake:1  | Received a gift from Okawaru
 33816 | Snake:1  | Found Rihoate's Armour Shop.
 33818 | Snake:1  | Found Ceriof's Distillery.
 33820 | Snake:1  | Found Munk's Antique Weapon Shop.
 33826 | Snake:1  | Bought a potion of heal wounds for 75 gold pieces
 33826 | Snake:1  | Bought 2 potions of curing for 90 gold pieces
 34202 | Snake:2  | Noticed Aizul
 34231 | Snake:2  | Killed Aizul
 34231 | Snake:2  | Received a gift from Okawaru
 34246 | Snake:2  | Reached skill level 10 in Throwing
 34521 | Snake:2  | Received a gift from Okawaru
 34988 | Snake:3  | Received a gift from Okawaru
 35051 | Snake:3  | Found a snail-covered altar of Cheibriados.
 35254 | Snake:3  | Received a gift from Okawaru
 35254 | Snake:3  | Found the +18 Lear's hauberk
 36858 | Snake:4  | Entered Level 4 of the Snake Pit
 36858 | Snake:4  | Noticed Louise
 36883 | Snake:4  | Killed Louise
 37445 | Snake:4  | Reached XP level 18. HP: 104/161 MP: 24/26
 38375 | Snake:4  | Noticed Vashnia
 38428 | Snake:4  | Received a gift from Okawaru
 38437 | Snake:4  | Killed Vashnia
 38985 | Snake:4  | Received a gift from Okawaru
 39869 | Snake:4  | HP: 6/161 [naga sharpshooter/arrow (16)]
 40237 | Snake:4  | Received a gift from Okawaru
 40835 | Snake:4  | Got a serpentine rune of Zot
 42342 | Swamp:1  | Reached XP level 19. HP: 137/169 MP: 27/27
 43001 | Swamp:3  | Identified the +0 scale mail "Galaucin" {Rampage Will-
                  | Slay+3} (Okawaru gifted it to you on level 3 of the Swamp)
 43001 | Swamp:3  | Received a gift from Okawaru
 43362 | Swamp:3  | Reached skill level 15 in Fighting
 43403 | Swamp:3  | Found a radiant altar of Vehumet.
 43988 | Swamp:4  | Entered Level 4 of the Swamp
 43988 | Swamp:4  | Noticed a tentacled monstrosity
 44016 | Swamp:3  | Killed a tentacled monstrosity
 45487 | Swamp:4  | Received a gift from Okawaru
 45510 | Swamp:4  | Got a decaying rune of Zot
 46088 | Vaults:1 | Entered Level 1 of the Vaults
 46088 | Vaults:1 | Found a portal to a secret trove of treasure.
 46092 | Vaults:1 | You paid a toll of 5 scrolls of blinking to enter a
                  | treasure trove
 46093 | Trove    | Entered a treasure trove
 46133 | Trove    | Got Sif Muna's Precepts of Gloom and Geology
 46138 | Trove    | Got Sif Muna's Catalogue of the Tesseract
 46154 | Trove    | Got Nyps's Vellum of Hazy Transmogrification
 46169 | Vaults:1 | Learned a level 2 spell: Blink
 46222 | D:14     | Bought a potion of curing for 96 gold pieces
 46222 | D:14     | Bought a potion of might for 128 gold pieces
 46222 | D:14     | Bought a scroll of fear for 128 gold pieces
 46222 | D:14     | Bought a scroll of magic mapping for 240 gold pieces
 46273 | Vaults:1 | Noticed Saint Roka
 46286 | Vaults:1 | Noticed Zenata
 46307 | Vaults:1 | Killed Saint Roka
 46476 | Arena    | Entered the Arena
 46489 | Arena    | Killed Zenata
 46836 | Vaults:1 | Found Vogi's Assorted Antiques.
 46867 | Vaults:1 | Killed from afar by an ironbound thunderhulk

Illustrated notes

Levels and vault maps discovered:
D:1:      amcnicky_arrival_double_pillar, layout_basic
D:2:      layout_basic, shapermc_ecumenical_altar_gd, uniq_robin
D:3:      layout_loops_ring, mainiacjoe_overflow_alcove_4,
          mainiacjoe_overflow_alcove_2, mainiacjoe_overflow_boulevard,
          uniq_jessica
D:4:      layout_basic, nicolae_ru_path_of_blood,
          nicolae_yredelemnul_ghost_church, nicolae_uskayaw_en_pointe,
          serial_shops, nicolae_take_the_stairs, portal_sewer_entry_c,
          kennysheep_generic_room_8, uniq_sigmund
D:5:      layout_basic, minmay_temple_entry_waves
D:6:      layout_loops_cross, nicolae_ossuary_entry_catacombs, uniq_eustachio,
          uniq_menkaure
D:7:      layout_basic, mainiacjoe_overflow_catwalk,
          minmay_misc_feat_secret_circle
D:8:      layout_basic, uniq_pikel
D:9:      layout_roguey, mainiacjoe_overflow_paths, dpeg_oklobed_lair,
          uniq_gastronok, uniq_erolcha
D:10:     layout_roguey, mainiacjoe_overflow_tiny_flanked,
          nicolae_dithmenos_the_darkroom, enter_bailey_2
D:11:     layout_cave_pods, david_orc_5, uniq_urug
D:12:     layout_stronghold
D:13:     layout_roguey, erik_vaults_1, gammafunk_ghost_grave
D:14:     layout_cave_pods, nicolae_gozag_cash_rules_everything_around_me,
          serial_shops, shop, nicolae_shop_behind_doors, shop_fountains,
          nicolae_stop_n_shop_1, nicolae_shop_statue_plus, uniq_roxanne,
          uniq_azrael
D:15:     grunt_enter_depths_snipers, layout_basic, nicolae_two_hexagons
Temple:   hellmonk_temple_two_chambers
Lair:1:   layout_small_grid, grunt_forest_large_clearing_hut
Lair:2:   layout_layer_cave, swamp_mist_pool, dummy_snake_entry, uniq_nergalle
Lair:3:   cheibrodos_lair_overgrown_chateau, layout_cave_pods, uniq_sonja
Lair:4:   layout_roguey, uniq_kirke
Lair:5:   minmay_lair_end_frog_pond, layout_regular_city, slime_entry_1,
          uniq_nessos
Swamp:1:  layout_basic_swamp, evilmike_swamp_ruin_rubble_1, swamp_pool5,
          nicolae_swamp_triple_paths
Swamp:2:  layout_falls_marsh, infiniplex_staircase_pool
Swamp:3:  layout_falls_marsh, basic_altar
Swamp:4:  swamp_alternative, layout_basic_swamp
Snake:1:  layout_onion, minmay_shop_star, grunt_megastairs_1, uniq_nikola,
          uniq_frances
Snake:2:  layout_rooms, uniq_aizul
Snake:3:  layout_layer_cave, basic_altar
Snake:4:  snake_pit_salamanders_mu, layout_cave_town, serial_bayou_lake_a,
          uniq_vashnia, uniq_louise
Orc:1:    layout_caves, serial_shops, nicolae_shop_bloodbath_and_beyond,
          gammafunk_ghost_abyssal_escape, portal_ice_cave_demonic_guard,
          nicolae_shop_overcharged_wands
Orc:2:    grunt_orc_gardens, layout_caves, grunt_orc_garden, grunt_orc_garden,
          grunt_orc_garden, grunt_orc_garden, basic_altar
Vaults:1: st_octagons_2, v_misc_4, nicolae_vaults_puzzle_piece,
          hangedman_vaults_corner, nicolae_vaults_puzzle_piece, v_misc_11,
          vaults_dpeg_spiral, serial_ice_g, nicolae_vaults_yaktaur_gun_rack,
          layout_vaults_omnibox, serial_shops, nicolae_shop_overgrown_old_shop,
          enter_trove_1, uniq_zenata, uniq_saint_roka

Skill      XL: |  1  2  3  4  5  6  7  8  9 10 11 12 13 14 15 16 17 18 19 |
---------------+----------------------------------------------------------+-----
Polearms       | 2 3 4 5 6 7 8 9 10 11 12 | 12.9
Armour         | 3 4 5 6 7 8 9 10 11 12 13 | 13.1
Shields        | 3 4 5 6 7 8 9 10 11 12 13 | 13.2
Fighting       | 4 5 7 8 9 10 11 12 13 14 15 | 15.3
Invocations    | 4 6 7 8 9 10 11 12 13 | 13.4
Throwing       | 3 5 7 8 9 10 11 | 11.3
Dodging        | 2 4 5 6 7 8 9 |  9.3
Evocations     | 1 3 5 6 7 8 |  8.9
Stealth        | 4 6 7 8 |  8.9

Action                   |  1- 3 |  4- 6 |  7- 9 | 10-12 | 13-15 | 16-18 | 19-21 || total
-------------------------+-------+-------+-------+-------+-------+-------+-------++-------
Melee: Trident           |   153 |   223 |   451 |   578 |  1824 |  1339 |       ||  4568
       Demon trident     |       |       |       |       |       |   857 |   699 ||  1556
Throw: Dart              |       |       |     2 |       |     3 |    55 |     4 ||    64
       Stone             |       |       |       |       |    16 |       |       ||    16
       Boomerang         |       |       |       |       |    63 |    82 |    44 ||   189
       Javelin           |       |       |       |       |       |     1 |       ||     1
       Throwing net      |       |       |       |       |       |     1 |       ||     1
Invok: Heroism           |       |       |       |     3 |    40 |    22 |     4 ||    69
       Finesse           |       |       |       |       |     1 |     1 |     2 ||     4
       Duel              |       |       |       |       |       |       |     1 ||     1
Evoke: Wand              |       |       |       |       |     1 |       |       ||     1
  Use: Scroll            |       |     7 |     4 |       |    12 |    21 |     5 ||    49
       Potion            |       |       |       |     4 |       |     2 |     2 ||     8
 Stab: Distracted        |       |       |       |       |     1 |       |       ||     1
       Invisible         |       |       |       |       |       |    16 |       ||    16
       Held in net/web   |       |       |       |       |       |     3 |       ||     3
Armor: Scale mail        |    73 |    27 |       |       |    22 |       |       ||   122
       Chain mail        |       |    95 |   184 |   179 |       |   441 |   589 ||  1488
       Plate armour      |       |       |       |    67 |   822 |   313 |       ||  1202
Dodge: Dodged            |    80 |    74 |   133 |   153 |   465 |   394 |   260 ||  1559
Block: Buckler           |    33 |    50 |    69 |   105 |   194 |    67 |       ||   518
       Kite shield       |       |       |       |       |   624 |   269 |       ||   893
       Reflection        |       |       |       |       |     1 |   185 |    22 ||   208
       Tower shield      |       |       |       |       |       |  1626 |   955 ||  2581

Table legend: (Time is in decaauts)
 A = Elapsed time spent in this place.
 B = Non-inter-level travel time spent in this place.
 C = Inter-level travel time spent in this place.
 D = Time resting spent in this place.
 E = Time spent auto-exploring this place.
 F = Levels seen in this place.
 G = Mean time per level.
                   A        B        C        D        E       F      G
               +--------+--------+--------+--------+--------+-----+--------+
         Total |  46782 |  43696 |   3086 |   2925 |  30852 |  37 | 1264.4 |
       Dungeon |  19867 |  18411 |   1456 |    731 |  13921 |  15 | 1324.5 |
        Temple |    100 |     80 |     20 |      0 |     76 |   1 |  100.0 |
          Lair |   8152 |   7290 |    862 |    374 |   5457 |   5 | 1630.4 |
         Swamp |   4724 |   4481 |    243 |    475 |   2931 |   4 | 1181.0 |
     Snake Pit |   8442 |   8015 |    427 |   1235 |   4820 |   4 | 2110.5 |
  Orcish Mines |   1930 |   1864 |     66 |     49 |   1369 |   2 |  965.0 |
        Vaults |    522 |    512 |     10 |     55 |    233 |   1 |  522.0 |
         Trove |     71 |     71 |      0 |      0 |     51 |   1 |   71.0 |
         Sewer |   1214 |   1214 |      0 |      0 |    816 |   1 | 1214.0 |
        Bailey |    377 |    377 |      0 |      0 |    164 |   1 |  377.0 |
      Ice Cave |   1352 |   1352 |      0 |      5 |    996 |   1 | 1352.0 |
         Arena |     24 |     24 |      0 |      0 |     16 |   1 |   24.0 |
               +--------+--------+--------+--------+--------+-----+--------+

Top non-repeatable levels by time:
 Snake:4: 3277 daAuts
 Snake:3: 2858 daAuts
  Lair:2: 2041 daAuts
  Lair:3: 1893 daAuts
     D:9: 1668 daAuts
    D:13: 1584 daAuts
     D:6: 1569 daAuts
     D:7: 1551 daAuts
    D:14: 1529 daAuts
 Swamp:1: 1522 daAuts
    D:10: 1519 daAuts
    D:11: 1480 daAuts
  Lair:4: 1472 daAuts
  Lair:5: 1468 daAuts
    D:15: 1463 daAuts
